 Dungeon Crawl Stone Soup version 0.26-a0-757-g626ac9e51a (webtiles) character file.

Game seed: 79398646426753870

4 miscthings the Sneak (level 1, -3/20 HPs)
             Began as a Palentonga Delver on Nov 8, 2020.
             Killed by nerve-wracking pain
             ... invoked by an orc priest
              (11 damage)
             ... on level 5 of the Dungeon.
             The game lasted 00:00:27 (52 turns).

miscthings the Sneak (Palentonga Delver)              Turns: 52, Time: 00:00:28

Health: -3/20      AC:  4    Str: 15    XL:     1   Next: 50%
Magic:  1/1        EV:  9    Int: 10    God:
Gold:   0          SH:  0    Dex: 11    Spells: 0/0 levels left

rFire    . . .     SeeInvis +   a - +0 hand axe
rCold    . . .     Faith    .   (no shield)
rNeg     . . .     Spirit   .   b - +0 leather armour
rPois    .         Reflect  .   (no helmet)
rElec    .         Harm     .   (no cloak)
rCorr    .         Rampage  .   (no gloves)
MR       .....                  (no barding)
Stlth    ++........             (no amulet)
HPRegen  0.06/turn              (no ring)
MPRegen  0.07/turn              (no ring)

@: no status effects
A: large, rugged brown scales 3, see invisible, deformed body, roll, armoured
tail
a: Rolling Charge


You were on level 5 of the Dungeon.
You visited 1 branch of the dungeon, and saw 1 of its levels.

Inventory:

Hand Weapons
 a - a +0 hand axe (weapon)
Missiles
 j - 14 poisoned darts (quivered)
Armour
 b - a +0 leather armour (worn)
Wands
 g - a wand of digging (3)
Scrolls
 c - a scroll of fog
 d - a scroll of magic mapping
 e - a scroll of fear
Potions
 f - a potion of haste
 h - 2 potions of flight {unknown}
 i - a potion of curing {unknown}


   Skills:
 - Level 3.0 Fighting
 + Level 2.4 Axes
 - Level 1.5 Dodging
 - Level 3.3 Stealth


You couldn't memorise any spells.
You didn't know any spells.
Your spell library was empty.

Dungeon Overview and Level Annotations

Branches:
Dungeon (5/15)
 Temple: D:4-7

Altars:

Annotations:
D:5 4 runed translucent doors


Innate Abilities, Weirdness & Mutations

You are completely covered in rugged brown scales. (AC +3, +7% HP)
You have supernaturally acute eyesight. (SInv)
Armour fits poorly on your strangely shaped body.
You can roll at foes to attack.
You have a long armoured tail.


Message History

The hound barks!
You hear an angry hiss.
The hound misses you. The orc hits you but does no damage.
You closely miss the orc. You tail-slap the orc!
You kill the orc!
You hit the hound. The hound barely misses you. The hound closely misses you.
You closely miss the orc priest.
Your tail-slap misses the orc priest.
You hit the hound.
The orc priest hits you with a +0 hand axe.
The hound barely misses you.
You closely miss the orc priest. You hit the hound. The hound bites you.
The orc priest hits you with a +0 hand axe.
The hound bites you.
You hit the orc priest.
You tail-slap the orc priest, but do no damage.
The orc priest is lightly wounded.
You miss the hound. The hound bites you.
The orc priest mumbles some strange prayers to Beogh against you.
Pain shoots through your body!
Ouch! That really hurt!
You die...

.# .## ##..#####
########........ #
#............... #.
###.#.#...........
#..#.................
#oh@######..........
#.oo##SSS.##.........
#..o .BSSB+##........
#..##...B.#y##...#..#
#..#.....##yy###.....
#..###+###..yyy####..
#. .+[?#.y.yy.+)###
#. #.....####..
##..###.....


You could see a hound, an orc priest and 3 orcs.

Vanquished Creatures
  A leopard gecko (D:5)
  An orc (D:5)
2 creatures vanquished.

Notes
Turn   | Place    | Note
-------+----------+-------------------------------------------
     0 | D:5      | miscthings the Palentonga Delver began the quest for the
                  | Orb.
     0 | D:5      | Reached XP level 1. HP: 20/20 MP: 1/1
     3 | D:5      | Found the +9 staff of Olgreb {rPois∞}
     5 | D:5      | Found a runed translucent door.
     5 | D:5      | Noticed a killer bee
     5 | D:5      | Noticed a killer bee
     5 | D:5      | Noticed a killer bee
     5 | D:5      | Noticed a killer bee
     5 | D:5      | Noticed a killer bee
     5 | D:5      | Noticed a killer bee
     5 | D:5      | Noticed a killer bee
     5 | D:5      | Noticed a killer bee
     7 | D:5      | Noticed a killer bee
    36 | D:5      | Found a runed translucent door.
    40 | D:5      | Noticed a water moccasin
    40 | D:5      | Noticed a worker ant
    40 | D:5      | Noticed a worker ant
    42 | D:5      | Found a runed translucent gate.
    42 | D:5      | Found a runed translucent gate.
    42 | D:5      | Noticed a water moccasin
    42 | D:5      | Noticed a worker ant
    42 | D:5      | Noticed a worker ant
    42 | D:5      | Noticed a water moccasin
    47 | D:5      | Noticed an orc priest
    47 | D:5      | Noticed a hound
    52 | D:5      | Killed from afar by an orc priest

Illustrated notes

Levels and vault maps discovered:
D:5:      layout_basic, basic_altar, minmay_guarded_unrand_staff_of_olgreb,
          uniq_pikel, uniq_menkaure

Action                   || total
-------------------------++-------
Melee: Hand axe          ||     5
       Tailslap          ||     3
Armor: Leather armour    ||     1
Dodge: Dodged            ||     4

Table legend: (Time is in decaauts)
 A = Elapsed time spent in this place.
 B = Non-inter-level travel time spent in this place.
 C = Inter-level travel time spent in this place.
 D = Time resting spent in this place.
 E = Time spent auto-exploring this place.
 F = Levels seen in this place.
 G = Mean time per level.
                   A        B        C        D        E       F      G
               +--------+--------+--------+--------+--------+-----+--------+
         Total |     52 |     52 |      0 |      0 |      0 |   1 |   52.0 |
       Dungeon |     52 |     52 |      0 |      0 |      0 |   1 |   52.0 |
               +--------+--------+--------+--------+--------+-----+--------+

Top non-repeatable levels by time:
     D:5: 52 daAuts
